 Dungeon Crawl Stone Soup version 0.23.2-40-g277498a001 (webtiles) character file.

Game seed: 13847012822772909663

1568 Emblim88 the Carver (level 8, -12/73 HPs)
             Began as a Minotaur Monk on Oct 19, 2019.
             Killed by divine providence
             ... invoked by an orc priest
              (15 damage)
             ... on level 5 of the Dungeon.
             The game lasted 00:06:42 (3905 turns).

Emblim88 the Carver (Minotaur Monk)                 Turns: 3905, Time: 00:06:42

Health: -12/73     AC: 10    Str: 21 (23) XL:     8   Next: 59%
Magic:  9/9        EV: 14    Int:  5 (8)  God:
Gold:   168        SH:  0    Dex: 13 (14) Spells: 7/7 levels left

rFire    . . .     SeeInvis .   n - +0 long sword
rCold    + . .     Gourm    .   (no shield)
rNeg     . . .     Faith    .   k - +0 ring mail
rPois    .         Spirit   .   (helmet restricted)
rElec    .         Reflect  .   (no cloak)
rCorr    .         Harm     .   (no gloves)
MR       .....                  o - +0 pair of boots
Stlth    +.........             (no amulet)
HPRegen  0.22/turn              (no ring)
MPRegen  0.11/turn              (no ring)

@: mighty
A: retaliatory headbutt, horns 2, icy blue scales 1, slimy green scales 1, agile
1, cold resistance 1
a: no special abilities


You were on level 5 of the Dungeon.
You were hungry.

You visited 1 branch of the dungeon, and saw 5 of its levels.
You also visited: Sewer.

You collected 168 gold pieces.

Inventory:

Hand Weapons
 n - a +0 long sword (weapon)
 p - a +1 rapier of holy wrath
Armour
 k - a +0 ring mail (worn)
 o - a +0 pair of boots (worn)
Wands
 a - a wand of disintegration (13)
Scrolls
 b - a scroll of remove curse
 e - 3 scrolls of teleportation
 g - a scroll of fog
 i - a scroll of blinking
 j - 4 scrolls of enchant weapon
 m - a scroll of fear
 r - a scroll of amnesia
Potions
 d - a potion of agility
 s - a potion of might
 t - 4 potions of flight
 u - 3 potions of heal wounds
Comestibles
 c - 9 rations


   Skills:
 + Level 7.6 Fighting
 + Level 8.1 Long Blades
 - Level 2.0 Armour
 + Level 6.6 Dodging
 - Level 1.8 Stealth
 + Level 3.5 Evocations


You had 7 spell levels left.
You didn't know any spells.
Your spell library was empty.

Dungeon Overview and Level Annotations

Branches:
Dungeon (5/15)
 Temple: D:4-7

Altars:
Gozag

Annotations:
D:5 Grinder


Innate Abilities, Weirdness & Mutations

You reflexively headbutt those who attack you in melee.
You have a pair of horns on your head.
You are partially covered in icy blue scales. (AC +2)
You are partially covered in slimy green scales. (AC +2)
You are agile. (Dex +2)
Your flesh is cold resistant. (rC+)


Message History

You kill the leopard gecko!
Grinder blinks!
You barely miss the gnoll. You headbutt the gnoll!
You kill the gnoll!
The orc priest looks satisfied for a moment.
The gnoll throws a throwing net.
The throwing net hits you.
You become entangled in the net!
You struggle against the net.
You struggle against the net.
The orc priest invokes the aid of Beogh against you.
Beogh smites you!
* * * LOW HITPOINT WARNING * * *
You struggle against the net.
The orc priest mumbles some strange prayers to Beogh against you.
Beogh smites you!
* * * LOW HITPOINT WARNING * * *
You shred the net and break free!
The orc priest calls down the wrath of Beogh upon you.
Beogh smites you!
You die...

#.......# ....... #.......#
....... ........# .......
#.......# ....... ).........
#### .....
##################..##..####
...........(.......o)......#
##################...#.###.#
#........@og#.#.#
#.###########.#.# #.#.#
#...# ####### #...# ......#
#..># ....#. ... ......#
....###


You could see an orc priest, a gnoll and an orc.

Vanquished Creatures
  3 yaks (D:4)
  A hungry ghost (D:3)
  An orc warrior (D:2)
  Purgy (Sewer)
  2 ogres
  A scorpion (D:4)
  4 hounds (D:4)
  An orc wizard (D:4)
  2 orc priests
  An iguana (D:3)
  3 worker ants (D:4)
  A hound skeleton (D:5)
  A howler monkey skeleton (D:4)
  9 adders
  7 gnolls
  A shadow imp (D:5)
  3 worms (D:4)
  A dart slug (D:1)
  3 leopard geckos
  12 orcs
  4 giant cockroaches (D:2)
  6 goblins
  6 hobgoblins
  6 jackals
  6 kobolds
  A quokka (D:4)
  7 ball pythons
  3 bats
  8 frilled lizards
  2 jackal skeletons (D:4)
  11 rats
118 creatures vanquished.

Notes
Turn   | Place    | Note
-------+----------+-------------------------------------------
     0 | D:1      | Emblim88 the Minotaur Monk began the quest for the Orb.
     0 | D:1      | Reached XP level 1. HP: 19/19 MP: 0/0
   179 | D:1      | Reached skill level 4 in Long Blades
   197 | D:1      | Reached XP level 2. HP: 25/27 MP: 1/1
   833 | D:2      | Reached XP level 3. HP: 30/33 MP: 2/2
   981 | D:2      | Reached XP level 4. HP: 18/41 MP: 3/3
   983 | D:2      | Reached skill level 5 in Long Blades
  1280 | D:2      | Reached skill level 1 in Armour
  1325 | D:2      | Noticed an orc warrior
  1334 | D:2      | Killed an orc warrior
  1334 | D:2      | Reached XP level 5. HP: 28/47 MP: 4/4
  1497 | D:2      | Found an opulent altar of Gozag.
  1912 | D:3      | Reached skill level 5 in Fighting
  1998 | D:3      | Noticed a hungry ghost
  2021 | D:3      | Killed a hungry ghost
  2021 | D:3      | Reached skill level 6 in Long Blades
  2021 | D:3      | Reached XP level 6. HP: 48/56 MP: 5/5
  2842 | D:4      | Reached skill level 5 in Dodging
  2842 | D:4      | Reached XP level 7. HP: 62/62 MP: 6/6
  2852 | D:4      | Reached skill level 1 in Evocations
  2998 | D:4      | Found a glowing drain.
  3030 | Sewer    | Entered a sewer
  3074 | Sewer    | Noticed Purgy
  3085 | Sewer    | Killed Purgy
  3250 | D:4      | Reached skill level 7 in Long Blades
  3442 | D:4      | Noticed a yak
  3442 | D:4      | Noticed a yak
  3443 | D:4      | Noticed a yak
  3447 | D:4      | Killed a yak
  3449 | D:4      | Killed a yak
  3449 | D:4      | Reached XP level 8. HP: 71/71 MP: 8/8
  3640 | D:4      | Gained mutation: You are partially covered in icy blue
                  | scales. (AC +2) [potion of mutation]
  3640 | D:4      | Gained mutation: You are partially covered in slimy green
                  | scales. (AC +2) [potion of mutation]
  3640 | D:4      | Gained mutation: You are agile. (Dex +2) [potion of
                  | mutation]
  3640 | D:4      | Gained mutation: Your flesh is cold resistant. (rC+)
                  | [potion of mutation]
  3663 | D:5      | Entered Level 5 of the Dungeon
  3670 | D:5      | Reached skill level 8 in Long Blades
  3885 | D:5      | Noticed Grinder
  3904 | D:5      | HP: 3/73 [orc priest/divine providence (15)]
  3905 | D:5      | Killed from afar by an orc priest

Skill      XL: |  1  2  3  4  5  6  7  8 |
---------------+-------------------------+-----
Long Blades    | 4 5 6 7 8 |  8.1
Fighting       | 4 5 6 7 |  7.6
Armour         | 2 |  2.0
Dodging        | 4 5 6 |  6.6
Evocations     | 2 3 |  3.5
Stealth        | |  1.8

Action                   |  1- 3 |  4- 6 |  7- 9 || total
-------------------------+-------+-------+-------++-------
Melee: Falchion          |    65 |     3 |       ||    68
       Headbutt          |    16 |    22 |    21 ||    59
       Long sword        |       |   108 |   122 ||   230
Evoke: Wand              |       |       |     5 ||     5
  Use: Potion            |     1 |     2 |     4 ||     7
       Scroll            |       |       |    10 ||    10
 Stab: Sleeping          |     1 |       |       ||     1
  Eat: Ration            |       |     2 |       ||     2
       Chunk             |       |     2 |     3 ||     5
Armor: Robe              |     6 |       |       ||     6
       Ring mail         |    15 |    42 |    38 ||    95
Dodge: Dodged            |    62 |    63 |    83 ||   208
       Rpst.: Falchion   |    18 |       |       ||    18
       Long sword        |       |    20 |    20 ||    40
